 Dungeon Crawl Stone Soup version 0.24-a0-513-g284f782df5 (webtiles) character file.

Game seed: 13041404153049336976

11653 Azzok the Cleaver (level 12, 0/124 HPs)
             Began as a Formicid Fighter on July 20, 2019.
             Was a High Priest of Okawaru.
             Succumbed to a worker ant's poison
             ... on level 10 of the Dungeon.
             The game lasted 00:17:27 (11081 turns).

Azzok the Cleaver (Formicid Fighter)               Turns: 11081, Time: 00:17:28

Health: 0/124      AC: 26    Str: 23 (25) XL:     12   Next: 10%
Magic:  19/19      EV:  2    Int:  6 (9)  God:    Okawaru [*****.]
Gold:   422        SH: 11    Dex:  9 (10) Spells: 11/11 levels left

rFire    . . .     SeeInvis .   k - +6 dire flail (crush)
rCold    . . .     Gourm    .   c - +0 shield
rNeg     + + +     Faith    .   (armour currently unavailable)
rPois    +         Spirit   .   (helmet unavailable)
rElec    .         Reflect  .   (cloak currently unavailable)
rCorr    .         Harm     .   (gloves currently unavailable)
MR       +....                  (boots currently unavailable)
Stlth    +.........             (no amulet)
HPRegen  0.30/turn              (no ring)
MPRegen  0.16/turn              (no ring)

@: lethally poisoned (0 -> -20), tree-form
A: permanent stasis, dig shafts and tunnels, four strong arms
a: Heroism, Finesse, Renounce Religion


You were on level 10 of the Dungeon.
You worshipped Okawaru.
Okawaru was extremely pleased with you.
You were not hungry.
You were a tree.
You visited 2 branches of the dungeon, and saw 11 of its levels.

You collected 422 gold pieces.

Inventory:

Hand Weapons
 a - a +0 war axe
 j - a +0 dagger of venom
 k - a +6 dire flail of crushing (weapon)
 A - a +4 broad axe
Armour
 b - a +0 pair of boots (melded)
 c - a +0 shield (worn)
 h - a +0 chain mail (melded)
 i - a +0 cloak (melded)
 s - a +0 pair of gloves (melded)
Wands
 m - a wand of flame (37)
 q - a wand of acid (6)
 w - a wand of random effects (15)
 E - a wand of paralysis (7)
Scrolls
 e - 3 scrolls of remove curse
 g - 3 scrolls of amnesia {unknown}
 l - 6 scrolls of identify {unknown}
 n - 2 scrolls of enchant weapon {unknown}
 o - 4 scrolls of teleportation {unknown}
 p - a scroll of blinking {unknown}
 r - a scroll of immolation {unknown}
 u - a scroll of fear {unknown}
 x - a scroll of random uselessness {unknown}
 y - 2 scrolls of noise {unknown}
 C - a scroll of vulnerability {unknown}
Potions
 t - a potion of agility
 B - a potion of brilliance
Comestibles
 d - 6 chunks of flesh
 f - 20 rations


   Skills:
 + Level 3.8 Fighting
 + Level 12.2 Axes
 + Level 3.8 Armour
 - Level 9.0 Shields
 - Level 10.0 Invocations
 - Level 9.0 Evocations


You had 11 spell levels left.
You didn't know any spells.
Your spell library contained the following spells:

 Spells                   Type           Power        Failure   Level  Hunger
 Corona                   Hex            #......      45%         1    ##.....
 Infusion                 Chrm           #...         45%         1    ##.....
 Ensorcelled Hibernation  Hex/Ice        #.....       58%         2    ###....
 Shroud of Golubria       Chrm/Tloc      #.....       58%         2    ###....
 Song of Slaying          Chrm           #.......     58%         2    ###....
 Confuse                  Hex            #.......     83%         3    ####...
 Dazzling Spray           Conj/Hex       #.....       83%         3    ####...
 Regeneration             Chrm/Necr      #.........   83%         3    ####...
 Spectral Weapon          Hex/Chrm       #.......     83%         3    ####...
 Tukima's Dance           Hex            #.......     83%         3    ####...


Dungeon Overview and Level Annotations

Branches:
Dungeon (10/15)            Temple (1/1) D:6             Orc (0/2) D:9
   Lair: D:8-11

Altars:
Ashenzari
Cheibriados
Dithmenos
Elyvilon
Fedhas
Gozag
Hepliaklqana
Kikubaaqudgha
Makhleb
Nemelex Xobeh
Okawaru
Qazlal
Ru
Sif Muna
Trog
Uskayaw
Vehumet
Wu Jian
Xom
Yredelemnul
Zin
The Shining One

Shops:
D:5 :*   D:9 (

Annotations:
D:6 2 runed translucent doors, Tenar's ghost, novice GrFi


Innate Abilities, Weirdness & Mutations

You cannot be hasted, slowed, berserked, paralysed or teleported.
You can dig through walls and to a lower floor.
Your four strong arms can wield two-handed weapons with a shield.
((You have a pair of large antennae on your head. (SInv)))


Message History

There was something very wrong with that liquid.
You feel weakened.
You feel dopey.
You feel clumsy.
* * * LOW HITPOINT WARNING * * *
You feel sick. The worker ant barely misses you. x2
It was a potion of lignification.
You turn into a tree.
Your +0 cloak melds into your body.
Your +0 pair of gloves melds into your body.
Your +0 pair of boots melds into your body.
Your +0 chain mail melds into your body.
Your roots penetrate the ground.
* * * LOW HITPOINT WARNING * * *
You feel very sick.
The worker ant bites you but does no damage.
You bludgeon the worker ant!!
You kill the worker ant!
Okawaru accepts your kill.
* * * LOW HITPOINT WARNING * * *
You feel sick.
There is a lethal amount of poison in your body!
You die...

▒▒▒▒▒▒▒··········▒·▒ ▒
▒▒▒··▒▒▒····▒ ▒ · ▒
▒···▒▒··▒·▒··▒▒ ·▒·▒
▒▒▒▒·▒·▒···▒·▒▒······
▒▒▒▒▒·············▒▒·▒··{▒
······(·▒▒▒······▒▒ ··▒▒a▒ ▒
▒▒········▒······▒▒▒·▒·a ···
)▒········▒······▒▒†▒·▒·a··▒
))))<···········♣▒·▒···▒{{{
·▒········▒▒▒▒··▒·▒▒··▒▒{
▒▒··)·····▒ ▒▒··▒··▒▒·▒
▒········▒ ▒··▒▒·▒ ▒··
▒········▒ ▒···▒▒·▒ ▒▒·
▒▒▒▒▒▒▒▒▒▒ ▒▒····▒·· ·▒
▒▒··▒···· ▒ ▒·· ▒▒▒▒ ▒▒▒


There were no monsters in sight!

Vanquished Creatures
  A two-headed ogre (D:8)
  A queen ant (D:10)
  Urug (D:10)
  An unseen horror (D:10)
  2 hornets
  4 trolls
  Prince Ribbit (D:7)
  A hippogriff (D:10)
  A yak (D:9)
  3 hogs (D:9)
  A human (D:9)
  A hungry ghost (D:8)
  3 soldier ants (D:10)
  Edmund (D:3)
  Duvessa (D:7)
  6 ice beasts
  3 phantoms
  4 orc warriors (D:9)
  2 sky beasts
  A black bear (D:7)
  A necrophage (D:9)
  4 centaurs
  8 ogres
  4 big kobolds (D:9)
  Blork the orc (D:6)
  3 bullfrogs
  2 gnoll sergeants
  Dowan (D:7)
  3 scorpions
  4 killer bees
  11 wights
  2 howler monkeys
  A bullfrog zombie (D:9)
  3 centaur zombies
  5 hounds
  2 jellies
  4 bullfrog skeletons
  Crazy Yiuf (D:5)
  A centaur skeleton (D:5)
  3 orc priests
  18 orc wizards
  3 iguanas
  Ijyb (D:5)
  11 worker ants
  2 killer bee zombies
  A hound zombie (D:6)
  A worker ant zombie (D:7)
  8 gnolls
  9 adders
  A shadow imp (D:7)
  An ooze (D:1)
  An adder skeleton (D:7)
  3 worms
  6 leopard geckos
  66 orcs
  6 giant cockroaches
  5 goblins
  7 hobgoblins
  6 jackals (D:5)
  4 kobolds
  6 quokkas
  3 ball pythons
  7 bats
  5 frilled lizards
  A jackal skeleton (D:4)
  2 leopard gecko skeletons
  A leopard gecko zombie (D:8)
  A quokka skeleton (D:5)
  10 rats
299 creatures vanquished.

Notes
Turn   | Place    | Note
-------+----------+-------------------------------------------
     0 | D:1      | Azzok the Formicid Fighter began the quest for the Orb.
     0 | D:1      | Reached XP level 1. HP: 18/18 MP: 1/1
   139 | D:1      | Reached XP level 2. HP: 19/24 MP: 2/2
   706 | D:1      | Reached XP level 3. HP: 28/29 MP: 3/3
  1325 | D:2      | Reached skill level 3 in Axes
  1713 | D:2      | Reached XP level 4. HP: 29/35 MP: 4/4
  1799 | D:2      | Reached skill level 5 in Shields
  2044 | D:3      | Reached XP level 5. HP: 6/41 MP: 5/5
  2045 | D:3      | HP: 1/41 [poisoned by an orc wizard]
  2074 | D:2      | HP: 2/41 [poisoned by an orc wizard]
  2082 | D:2      | HP: 1/41 [poisoned by an orc wizard]
  2412 | D:3      | Noticed a sky beast
  2465 | D:2      | Killed a sky beast
  2465 | D:2      | Reached skill level 4 in Axes
  2465 | D:2      | Reached XP level 6. HP: 20/47 MP: 6/6
  2849 | D:3      | Found a radiant altar of Vehumet.
  3195 | D:4      | Noticed Edmund
  3205 | D:4      | Noticed a phantom
  3367 | D:4      | Reached skill level 5 in Axes
  3367 | D:4      | Reached XP level 7. HP: 42/52 MP: 7/7
  3642 | D:3      | Killed Edmund
  4000 | D:4      | Reached skill level 6 in Axes
  4026 | D:4      | Reached XP level 8. HP: 57/58 MP: 8/8
  4315 | D:5      | Entered Level 5 of the Dungeon
  4315 | D:5      | Found Gonnyfeb's Book Shop.
  4480 | D:5      | Found a runed translucent door.
  4481 | D:5      | Noticed Crazy Yiuf
  4486 | D:5      | Killed Crazy Yiuf
  4521 | D:5      | Found a shimmering altar of Xom.
  4538 | D:5      | Noticed Ijyb
  4556 | D:5      | Killed Ijyb
  4694 | D:5      | Reached skill level 7 in Axes
  4783 | D:5      | Found Xuis's Elemental Accessories.
  4976 | D:6      | Found a runed translucent door.
  4979 | D:6      | Found a sacrificial altar of Ru.
  4984 | D:6      | Noticed Tenar's ghost (novice GrFi)
  4987 | D:6      | Found a hide-covered altar of Uskayaw.
  4991 | D:6      | Reached skill level 8 in Axes
  5020 | D:6      | Reached XP level 9. HP: 50/64 MP: 9/9
  5039 | D:6      | Found a staircase to the Ecumenical Temple.
  5062 | Temple   | Entered the Ecumenical Temple
  5167 | Temple   | Became a worshipper of Warmaster Okawaru
  5234 | D:6      | Noticed Blork the orc
  5273 | D:6      | Killed Blork the orc
  5273 | D:6      | Reached skill level 1 in Invocations
  5303 | D:6      | Reached skill level 1 in Evocations
  5582 | D:6      | Reached skill level 9 in Axes
  5779 | D:6      | Found a blossoming altar of Fedhas.
  5828 | D:6      | Found an ornate altar of the Wu Jian Council.
  5861 | D:6      | Found a runed translucent door.
  6141 | D:7      | Reached * piety under Okawaru
  6179 | D:7      | Noticed Dowan
  6180 | D:7      | Noticed Duvessa
  6194 | D:7      | Killed Duvessa
  6204 | D:7      | Killed Dowan
  6284 | D:7      | Reached XP level 10. HP: 54/70 MP: 13/13
  6290 | D:7      | Reached skill level 5 in Invocations
  6402 | D:7      | Noticed Prince Ribbit
  6930 | D:7      | Killed Prince Ribbit
  6930 | D:7      | Reached skill level 5 in Evocations
  7412 | D:8      | Reached ** piety under Okawaru
  7412 | D:8      | Reached skill level 10 in Axes
  7643 | D:8      | Noticed a two-headed ogre
  7659 | D:8      | Killed a two-headed ogre
  8245 | D:8      | Reached *** piety under Okawaru
  8634 | D:9      | Reached XP level 11. HP: 70/75 MP: 16/16
  8783 | D:9      | Found a staircase to the Orcish Mines.
  8838 | D:9      | HP: 1/75 [ogre/+0 giant club (19)]
  9091 | D:9      | Reached skill level 11 in Axes
  9295 | D:9      | Reached **** piety under Okawaru
  9498 | D:9      | Found Elotef's Weapon Shoppe.
  9810 | D:10     | Entered Level 10 of the Dungeon
  9811 | D:10     | Noticed Urug
 10104 | D:10     | Killed Urug
 10122 | D:10     | Noticed an unseen horror
 10128 | D:10     | Killed an unseen horror
 10492 | D:10     | Reached ***** piety under Okawaru
 10713 | D:10     | Reached skill level 10 in Invocations
 10860 | D:10     | Reached skill level 12 in Axes
 11010 | D:10     | Reached XP level 12. HP: 80/81 MP: 19/19
 11052 | D:10     | Noticed a queen ant
 11063 | D:10     | Killed a queen ant
 11078 | D:10     | HP: 4/83 [poisoned by a worker ant]
 11081 | D:10     | Succumbed to a worker ant's poison

Levels and vault maps discovered:
D:1:      eino_arrival_cavern_b, layout_rooms
D:2:      layout_rooms, first_ration, chequers_serial_rivers_micro_a
D:3:      layout_rooms, lemuel_round_altar
D:4:      layout_rooms, uniq_edmund
D:5:      layout_rooms, kennysheep_mini_moat, serial_shops, shop,
          nicolae_elemental_shop, uniq_crazy_yiuf_cottage, uniq_ijyb
D:6:      layout_cave_pools, lemuel_crystal_altar, grunt_temple_overflow_open,
          marbit_many_paths, minmay_temple_entry_statues,
          lightli_ossuary_entry_decrepit_ruins, ebering_ghost_sewer_f,
          uniq_blork_the_orc
D:7:      layout_basic, uniq_duvessa, uniq_prince_ribbit1
D:8:      layout_basic
D:9:      layout_basic, kennysheep_orc_monster_closet_entryway, serial_shops,
          nicolae_shop_waterfront, grunt_livestock
D:10:     layout_rooms, minmay_another_anthill, uniq_urug
Temple:   eino_temple_scatter_basement

Skill      XL: |  1  2  3  4  5  6  7  8  9 10 11 |
---------------+----------------------------------+-----
Shields        | 4 5 6 7 9 |  9.0
Axes           | 3 4 5 6 8 9 10 12 | 12.2
Invocations    | 4 7 10 | 10.0
Evocations     | 4 7 9 |  9.0
Fighting       | |  3.8
Armour         | |  3.8

Action                   |  1- 3 |  4- 6 |  7- 9 | 10-12 || total
-------------------------+-------+-------+-------+-------++-------
Melee: War axe           |   152 |    48 |       |       ||   200
       Dagger            |       |   109 |    65 |       ||   174
       Dire flail        |       |       |   273 |   504 ||   777
Invok: Heroism           |       |       |       |     3 ||     3
  Use: Potion            |       |     3 |       |     7 ||    10
       Scroll            |       |       |     1 |       ||     1
  Eat: Chunk             |     3 |     2 |     6 |    17 ||    28
       Ration            |       |     1 |     1 |       ||     2
Armor: Chain mail        |   136 |    75 |   116 |   133 ||   460
       Skin              |       |       |       |     1 ||     1
Dodge: Dodged            |    57 |    34 |    86 |   111 ||   288
Block: Shield            |   120 |    85 |   170 |   248 ||   623

Table legend:
 A = Non-vault XP
 B = Vault XP
 C = Vault XP percentage of total XP
 D = Non-vault monster count
 E = Vault monster count
 F = Vault count percentage of total count
                 A         B        C        D         E       F
            +---------+---------+-------+---------+---------+-------
      Total |   10859 |    5789 |  34.8 |     252 |      47 |  15.7
            +---------+---------+-------+---------+---------+-------
        D:1 |      33 |       0 |   0.0 |      18 |       0 |   0.0
        D:2 |     206 |       0 |   0.0 |      24 |       0 |   0.0
        D:3 |     147 |     166 |  53.0 |      21 |       1 |   4.5
        D:4 |     535 |       0 |   0.0 |      21 |       0 |   0.0
        D:5 |     739 |      77 |   9.4 |      31 |       2 |   6.1
        D:6 |    1263 |      96 |   7.1 |      39 |       2 |   4.9
        D:7 |    1228 |     497 |  28.8 |      22 |       3 |  12.0
        D:8 |    2500 |       0 |   0.0 |      32 |       0 |   0.0
        D:9 |    1800 |    2462 |  57.8 |      30 |      25 |  45.5
       D:10 |    2408 |    2491 |  50.8 |      14 |      14 |  50.0
            +---------+---------+-------+---------+---------+-------
